 Dungeon Crawl Stone Soup version 0.29-a0-1027-gcd8c55af63 (webtiles) character file.

Game seed: 8531276221267456947

168 2tc the Poker (level 5, -4/57 HPs)
             Began as a Merfolk Gladiator on Aug 12, 2022.
             Was a Priest of Dithmenos.
             Succumbed to an orc wizard's poison
             ... on level 3 of the Dungeon.
             The game lasted 00:06:34 (2282 turns).

2tc the Poker (Merfolk Gladiator)                   Turns: 2282, Time: 00:06:35

Health: -4/57      AC:  6    Str: 16    XL:     5   Next: 48%
Magic:  5/5        EV: 12    Int:  8    God:    Dithmenos [***...]
Gold:   148        SH:  0    Dex: 15    Spells: 4/4 levels left

rFire   . . .      SeeInvis .   a - +0 trident (venom)
rCold   . . .      Faith    .   (no shield)
rNeg    . . .      Spirit   .   g - +0 ring mail
rPois   .          Reflect  .   c - +0 helmet
rElec   .          Harm     .   (no cloak)
rCorr   .          Rampage  .   (no gloves)
Will    .....                   (no boots)
Stlth   ..........              (no amulet)
HPRegen 0.19/turn               (no ring)
MPRegen 0.09/turn               (no ring)

@: berserking, lethally poisoned (-4 -> -28), about to teleport, wreathed by
umbra, very quick
A: (nimble swimmer 2), mertail
a: Renounce Religion, Shadow Step


You were on level 3 of the Dungeon.
You worshipped Dithmenos.
Dithmenos was most pleased with you.
You visited 1 branch of the dungeon, and saw 3 of its levels.

You collected 148 gold pieces.

Inventory:

Hand Weapons
 a - a +0 trident of venom (weapon)
 m - the +4 dagger "Morg" {pain, Will+ Int+5}
   (You found it on level 2 of the Dungeon)

   In the hands of one skilled in necromantic magic, it inflicts extra damage on
   living creatures.
   Int:       It affects your intelligence (+5).
   Will:      It increases your willpower.
Missiles
 d - 3 throwing nets (quivered)
 e - 4 javelins
Armour
 b - a +0 leather armour
 c - a +0 helmet (worn)
 g - a +0 ring mail (worn)
 k - an orb of mayhem
Scrolls
 i - 5 scrolls of teleportation
 l - a scroll of amnesia
 o - a scroll of magic mapping
Potions
 f - a potion of flight
 n - a potion of ambrosia {unknown}
 p - a potion of berserk rage
 q - 2 potions of haste {unknown}


   Skills:
 - Level 2.1 Fighting
 * Level 7.9 Polearms
 - Level 2.0 Throwing
 - Level 4.0 Dodging


You had 4 spell levels left.
You didn't know any spells.
Your spell library contained the following spells:

 Spells                   Type           Power      Damage    Failure   Level
 Necrotise                Necr           0%         1d4       63%         1
 Inner Flame              Hex/Fire       0%         N/A       94%         3
 Vampiric Draining        Necr           0%         2d6       94%         3
 Cause Fear               Hex            0%         N/A       100%        4
 Agony                    Necr           0%         N/A       100%        5
 Discord                  Hex            0%         N/A       100%        8


Dungeon Overview and Level Annotations

Branches:
Dungeon (3/15)

Altars:
Dithmenos

Shops:
D:1 :   D:2 !


Innate Abilities, Weirdness & Mutations

((You are very nimble when in or above water. (Stealth+, EV+, Speed+++)))
Your lower body shifts to a powerful aquatic tail in water.


Message History

Something hits you but does no damage.
You are more poisoned.
You closely miss something.
You feel very sick.
You hear some strange, mumbled words.
A magic dart appears from out of thin air!
The magic dart hits you.
* * * LOW HITPOINT WARNING * * *
It was a potion of curing.
You feel better. Something hits you but does no damage.
You are poisoned.
You completely miss something.
You feel sick. Something hits you but does no damage.
You are lethally poisoned!
You miss something.
* * * LOW HITPOINT WARNING * * *
You feel very sick.
Okay, then.
You feel better. Something hits you.
You are poisoned.
You closely miss something.
You feel sick. Something hits you but does no damage.
You are more poisoned.
You closely miss something.
You feel very sick. Something hits you but does no damage.
You miss something.
You feel sick. Something hits you.
* * * LOW HITPOINT WARNING * * *
You are more poisoned.
As you read the scroll of teleportation, it crumbles to dust.
You feel strangely unstable.
* * * LOW HITPOINT WARNING * * *
You feel very sick. Something hits you.
* * * LOW HITPOINT WARNING * * *
You are more poisoned.
It was a potion of berserk rage.
A red film seems to cover your vision as you go berserk!
You feel yourself moving faster!
You feel mighty!
You die...

.....#. .#######
#.# ........ #.#
..###### #.# ..#
#.# #.# #.# ..#
#o# ### #{# #@#
#.# ####.# #.#
.....# #.# ######
#.# ..... #.#
################.#
.................#
##################


You could see an orc.

Vanquished Creatures
  Natasha (twice) (D:2)
  An adder (D:2)
  An adder zombie (D:2)
  An adder skeleton (D:2)
  A worm (D:3)
  3 dart slugs
  7 orcs
  4 bats
  9 endoplasms
  A giant cockroach (D:1)
  7 goblins
  5 hobgoblins
  4 jackals (D:2)
  4 quokkas
  5 ball pythons
  8 frilled lizards
  A jackal zombie (D:2)
  10 kobolds
  2 quokka zombies (D:2)
  5 rats
  A spectral quokka (D:2)
82 creatures vanquished.

Vanquished Creatures (others)
  17 withered plants (D:2)
17 creatures vanquished.

Grand Total: 99 creatures vanquished

Notes
Turn   | Place    | Note
-------+----------+-------------------------------------------
     0 | D:1      | 2tc the Merfolk Gladiator began the quest for the Orb.
     0 | D:1      | Reached XP level 1. HP: 16/16 MP: 1/1
   150 | D:1      | Reached XP level 2. HP: 22/22 MP: 2/2
   298 | D:1      | Reached skill level 5 in Polearms
   299 | D:1      | You fall into a shaft and drop 1 floor!
   361 | D:2      | Found a faded altar of an unknown god.
   385 | D:2      | Prayed at the altar of an unknown god.
   385 | D:2      | Became a worshipper of Dithmenos the Shadowed
   385 | D:2      | Reached * piety under Dithmenos
   398 | D:1      | Reached XP level 3. HP: 22/27 MP: 3/3
   579 | D:1      | Found Ytivacw's Book Shop.
   691 | D:1      | Reached skill level 6 in Polearms
   843 | D:1      | Reached ** piety under Dithmenos
  1085 | D:2      | Reached XP level 4. HP: 33/33 MP: 4/4
  1414 | D:2      | Noticed Natasha
  1421 | D:2      | Killed Natasha
  1422 | D:2      | Reached skill level 7 in Polearms
  1442 | D:2      | Noticed Natasha
  1448 | D:2      | Killed Natasha
  1449 | D:2      | Reached XP level 5. HP: 21/38 MP: 5/5
  1587 | D:2      | Found the +4 dagger "Morg" {pain, Will+ Int+5}
  1711 | D:2      | Found Mammeqau's Distillery.
  2125 | D:3      | Reached *** piety under Dithmenos
  2281 | D:3      | HP: 1/38 [something (6)]
  2282 | D:3      | Succumbed to an orc wizard's poison

Illustrated notes

Levels and vault maps discovered:
D:1:      lightli_arrival_quake, layout_loops_cross, serial_shops, shop
D:2:      layout_basic, serial_shops, nicolae_shop_crystal,
          ebering_ecumenical_altar_webs, dilly_guarded_unrand_morg
D:3:      layout_basic

Skill      XL: |  1  2  3  4 |
---------------+-------------+-----
Polearms       | 5 6 7 |  7.9
Fighting       | |  2.1
Throwing       | |  2.0
Dodging        | |  4.0

Action                   |  1- 3 |  4- 6 || total
-------------------------+-------+-------++-------
Melee: Trident           |   103 |   107 ||   210
       Punch             |       |     2 ||     2
  Use: Scroll            |     6 |     4 ||    10
       Potion            |     1 |     4 ||     5
 Stab: Sleeping          |     2 |       ||     2
Armor: Leather armour    |     3 |       ||     3
       Ring mail         |    21 |    23 ||    44
Dodge: Dodged            |    56 |    29 ||    85

Table legend: (Time is in decaauts)
 A = Elapsed time spent in this place.
 B = Non-inter-level travel time spent in this place.
 C = Inter-level travel time spent in this place.
 D = Time resting spent in this place.
 E = Time spent auto-exploring this place.
 F = Levels seen in this place.
 G = Mean time per level.
                   A        B        C        D        E       F      G
               +--------+--------+--------+--------+--------+-----+--------+
         Total |   2274 |   2229 |     45 |     24 |   1744 |   3 |  758.0 |
       Dungeon |   2274 |   2229 |     45 |     24 |   1744 |   3 |  758.0 |
               +--------+--------+--------+--------+--------+-----+--------+

Top non-repeatable levels by time:
     D:1: 928 daAuts
     D:2: 819 daAuts
     D:3: 526 daAuts
